Workbook
Name __B1: #REF!
Name __B1: #REF!
Name __B1: #REF!
Name __B11: #REF!
Name __B11: #REF!
Name __B11: #REF!
Name __TB10: #REF!
Name __TB10: #REF!
Name __TB10: #REF!
Name __TB24: #REF!
Name __TB24: #REF!
Name __TB24: #REF!
Name _B1: #REF!
Name _B1: #REF!
Name _B1: #REF!
Name _B11: #REF!
Name _B11: #REF!
Name _B11: #REF!
Name _TB10: #REF!
Name _TB10: #REF!
Name _TB10: #REF!
Name _TB24: #REF!
Name _TB24: #REF!
Name _TB24: #REF!
Name \A: #REF!
Name \A: #REF!
Name \A: #REF!
Name \B: #REF!
Name \B: #REF!
Name \B: #REF!
Name \C: #REF!
Name \C: #REF!
Name \C: #REF!
Name \D: #REF!
Name \D: #REF!
Name \D: #REF!
Name \E: #REF!
Name \E: #REF!
Name \E: #REF!
Name a: #REF!
Name a: #REF!
Name a: #REF!
Name A_ATTRIBUTE_FORMAT_CHECK_FIELD: #REF!
Name A_ATTRIBUTE_FORMAT_CHECK_FIELD: #REF!
Name A_ATTRIBUTE_FORMAT_CHECK_FIELD: #REF!
Name A_MSG_FORMAT_FIELD: #REF!
Name A_MSG_FORMAT_FIELD: #REF!
Name A_MSG_FORMAT_FIELD: #REF!
Name A_RI_FORMAT_CHECK_FIELD: #REF!
Name A_RI_FORMAT_CHECK_FIELD: #REF!
Name A_RI_FORMAT_CHECK_FIELD: #REF!
Name A_SI_COLUMN_LIST: #REF!
Name A_SI_COLUMN_LIST: #REF!
Name A_SI_COLUMN_LIST: #REF!
Name A_SI_COLUMN_LIST_J: #REF!
Name A_SI_COLUMN_LIST_J: #REF!
Name A_SI_COLUMN_LIST_J: #REF!
Name A_SI_COLUMN_NAME: #REF!
Name A_SI_COLUMN_NAME: #REF!
Name A_SI_COLUMN_NAME: #REF!

Sheet RA表（オンバラ）
A1: 投資法人の資産構成内容（オン・バランス）
B3: 投資法人名 | C3: GLP投資法人
B4: 作成者 | C4: GLPジャパン・アドバイザーズ株式会社
B5: 時点 | C5: 46081
A10: ●標記投資法人の資産（オン・バランス）構成内容は以下のとおりです。 | H10: （千円）
A11: 項目 | B11: 資産項目 | E11: 告示で定める ﾘｽｸ･ｳｪｲﾄ（%） | F11: 信用リスク削減効果適用前
F12: a. ﾘｽｸ･ｳｪｲﾄの 加重平均値（%） | G12: b. 時価 | H12: c. 信用ﾘｽｸ･ ｱｾｯﾄの額(a*b) | K12: 関数用
A13: 1 | B13: 現金 | E13: 0 | F13: =IFERROR(H13/G13,"") | G13: =SUMIFS('明細（オンバラ）'!$E:$E,'明細（オンバラ）'!J:J,K13) -> 0 | H13: =SUMIFS('明細（オンバラ）'!$G:$G,'明細（オンバラ）'!J:J,K13) -> 0 | I13: =IFERROR(H13/$G$44*100,"") -> 0 | K13: 101
A14: 2 | B14: 我が国の中央政府及び中央銀行向け | E14: 0 | F14: =IFERROR(H14/G14,"") -> 0 | G14: =SUMIFS('明細（オンバラ）'!$E:$E,'明細（オンバラ）'!J:J,K14) -> 47394 | H14: =SUMIFS('明細（オンバラ）'!$G:$G,'明細（オンバラ）'!J:J,K14) -> 0 | I14: =IFERROR(H14/$G$44*100,"") -> 0 | K14: 201
A15: 3 | B15: 外国の中央政府及び中央銀行向け | E15: 0～150 | F15: =IFERROR(H15/G15,"") | G15: =SUMIFS('明細（オンバラ）'!$E:$E,'明細（オンバラ）'!J:J,K15) -> 0 | H15: =SUMIFS('明細（オンバラ）'!$G:$G,'明細（オンバラ）'!J:J,K15) -> 0 | I15: =IFERROR(H15/$G$44*100,"") -> 0 | K15: 301
A16: 4 | B16: 国際決済銀行等向け | E16: 0 | F16: =IFERROR(H16/G16,"") | G16: =SUMIFS('明細（オンバラ）'!$E:$E,'明細（オンバラ）'!J:J,K16) -> 0 | H16: =SUMIFS('明細（オンバラ）'!$G:$G,'明細（オンバラ）'!J:J,K16) -> 0 | I16: =IFERROR(H16/$G$44*100,"") -> 0 | K16: 401
A17: 5 | B17: 我が国の地方公共団体向け | E17: 0 | F17: =IFERROR(H17/G17,"") | G17: =SUMIFS('明細（オンバラ）'!$E:$E,'明細（オンバラ）'!J:J,K17) -> 0 | H17: =SUMIFS('明細（オンバラ）'!$G:$G,'明細（オンバラ）'!J:J,K17) -> 0 | I17: =IFERROR(H17/$G$44*100,"") -> 0 | K17: 501
A18: 6 | B18: 外国の中央政府等以外の公共部門向け（カバード・ボンド除く） | E18: 20～150 | F18: =IFERROR(H18/G18,"") | G18: =SUMIFS('明細（オンバラ）'!$E:$E,'明細（オンバラ）'!J:J,K18) -> 0 | H18: =SUMIFS('明細（オンバラ）'!$G:$G,'明細（オンバラ）'!J:J,K18) -> 0 | I18: =IFERROR(H18/$G$44*100,"") -> 0 | K18: 601
A19: 7 | B19: 国際開発銀行向け | E19: 0～150 | F19: =IFERROR(H19/G19,"") | G19: =SUMIFS('明細（オンバラ）'!$E:$E,'明細（オンバラ）'!J:J,K19) -> 0 | H19: =SUMIFS('明細（オンバラ）'!$G:$G,'明細（オンバラ）'!J:J,K19) -> 0 | I19: =IFERROR(H19/$G$44*100,"") -> 0 | K19: 701
A20: 8 | B20: 地方公共団体金融機構向け | E20: 10～150 | F20: =IFERROR(H20/G20,"") | G20: =SUMIFS('明細（オンバラ）'!$E:$E,'明細（オンバラ）'!J:J,K20) -> 0 | H20: =SUMIFS('明細（オンバラ）'!$G:$G,'明細（オンバラ）'!J:J,K20) -> 0 | I20: =IFERROR(H20/$G$44*100,"") -> 0 | K20: 801
A21: 9 | B21: 我が国の政府関係機関向け | E21: 10～150 | F21: =IFERROR(H21/G21,"") | G21: =SUMIFS('明細（オンバラ）'!$E:$E,'明細（オンバラ）'!J:J,K21) -> 0 | H21: =SUMIFS('明細（オンバラ）'!$G:$G,'明細（オンバラ）'!J:J,K21) -> 0 | I21: =IFERROR(H21/$G$44*100,"") -> 0 | K21: 901
A22: 10 | B22: 地方三公社向け | E22: 20～150 | F22: =IFERROR(H22/G22,"") | G22: =SUMIFS('明細（オンバラ）'!$E:$E,'明細（オンバラ）'!J:J,K22) -> 0 | H22: =SUMIFS('明細（オンバラ）'!$G:$G,'明細（オンバラ）'!J:J,K22) -> 0 | I22: =IFERROR(H22/$G$44*100,"") -> 0 | K22: 1001
A23: 11 | B23: 金融機関及び第一種金融商品取引業者及び保険会社向け | E23: 20～150 | F23: =IFERROR(H23/G23,"") -> 0.2 | G23: =SUMIFS('明細（オンバラ）'!$E:$E,'明細（オンバラ）'!J:J,K23)+SUM(G24) -> 49535595 | H23: =SUMIFS('明細（オンバラ）'!$G:$G,'明細（オンバラ）'!J:J,K23)+SUM(H24) -> 9907119 | I23: =IFERROR(H23/$G$44*100,"") -> 0.83009065 | K23: 1101
B24: （うち第一種金融商品取引業者及び保険会社向け） | E24: 20～150 | F24: =IFERROR(H24/G24,"") | G24: =SUMIFS('明細（オンバラ）'!$E:$E,'明細（オンバラ）'!J:J,K24) -> 0 | H24: =SUMIFS('明細（オンバラ）'!$G:$G,'明細（オンバラ）'!J:J,K24) -> 0 | I24: =IFERROR(H24/$G$44*100,"") -> 0 | K24: 1102
A25: 12 | B25: カバード・ボンド向け | E25: 10～100 | F25: =IFERROR(H25/G25,"") | G25: =SUMIFS('明細（オンバラ）'!$E:$E,'明細（オンバラ）'!J:J,K25) -> 0 | H25: =SUMIFS('明細（オンバラ）'!$G:$G,'明細（オンバラ）'!J:J,K25) -> 0 | I25: =IFERROR(H25/$G$44*100,"") -> 0 | K25: 1201
A26: 13 | B26: 法人等向け（特定貸付債権向けを含む） | E26: 20～150 | F26: =IFERROR(H26/G26,"") -> 1 | G26: =SUMIFS('明細（オンバラ）'!$E:$E,'明細（オンバラ）'!J:J,K26)+SUM(G27) -> 4709046 | H26: =SUMIFS('明細（オンバラ）'!$G:$G,'明細（オンバラ）'!J:J,K26)+SUM(H27) -> 4709046 | I26: =IFERROR(H26/$G$44*100,"") -> 0.3945582 | K26: 1301
B27: （うち特定貸付債権向け） | E27: 20～150 | F27: =IFERROR(H27/G27,"") | G27: =SUMIFS('明細（オンバラ）'!$E:$E,'明細（オンバラ）'!J:J,K27) -> 0 | H27: =SUMIFS('明細（オンバラ）'!$G:$G,'明細（オンバラ）'!J:J,K27) -> 0 | I27: =IFERROR(H27/$G$44*100,"") -> 0 | K27: 1302
A28: 14 | B28: 適格中堅中小企業等向け及び個人向け | E28: 45～150 | F28: =IFERROR(H28/G28,"") | G28: =SUMIFS('明細（オンバラ）'!$E:$E,'明細（オンバラ）'!J:J,K28) -> 0 | H28: =SUMIFS('明細（オンバラ）'!$G:$G,'明細（オンバラ）'!J:J,K28) -> 0 | I28: =IFERROR(H28/$G$44*100,"") -> 0 | K28: 1401
A29: 15 | B29: 不動産関連向け | E29: 20～150 | F29: =IFERROR(H29/G29,"") | G29: =SUMIFS('明細（オンバラ）'!$E:$E,'明細（オンバラ）'!J:J,K29) -> 0 | H29: =SUMIFS('明細（オンバラ）'!$G:$G,'明細（オンバラ）'!J:J,K29) -> 0 | I29: =IFERROR(H29/$G$44*100,"") -> 0 | K29: 1501
A30: 16 | B30: 劣後債権その他資本性証券 | E30: 150 | F30: =IFERROR(H30/G30,"") | G30: =SUMIFS('明細（オンバラ）'!$E:$E,'明細（オンバラ）'!J:J,K30) -> 0 | H30: =SUMIFS('明細（オンバラ）'!$G:$G,'明細（オンバラ）'!J:J,K30) -> 0 | I30: =IFERROR(H30/$G$44*100,"") -> 0 | K30: 1601
A31: 17 | B31: 延滞等 | E31: 50～150 | F31: =IFERROR(H31/G31,"") | G31: =SUMIFS('明細（オンバラ）'!$E:$E,'明細（オンバラ）'!J:J,K31) -> 0 | H31: =SUMIFS('明細（オンバラ）'!$G:$G,'明細（オンバラ）'!J:J,K31) -> 0 | I31: =IFERROR(H31/$G$44*100,"") -> 0 | K31: 1701
A32: 18 | B32: 取立未済手形 | E32: 20 | F32: =IFERROR(H32/G32,"") | G32: =SUMIFS('明細（オンバラ）'!$E:$E,'明細（オンバラ）'!J:J,K32) -> 0 | H32: =SUMIFS('明細（オンバラ）'!$G:$G,'明細（オンバラ）'!J:J,K32) -> 0 | I32: =IFERROR(H32/$G$44*100,"") -> 0 | K32: 1801
A33: 19 | B33: 信用保証協会等による保証付 | E33: 0～10 | F33: =IFERROR(H33/G33,"") | G33: =SUMIFS('明細（オンバラ）'!$E:$E,'明細（オンバラ）'!J:J,K33) -> 0 | H33: =SUMIFS('明細（オンバラ）'!$G:$G,'明細（オンバラ）'!J:J,K33) -> 0 | I33: =IFERROR(H33/$G$44*100,"") -> 0 | K33: 1901
A34: 20 | B34: 株式会社地域経済活性化支援機構等による保証付 | E34: 10 | F34: =IFERROR(H34/G34,"") | G34: =SUMIFS('明細（オンバラ）'!$E:$E,'明細（オンバラ）'!J:J,K34) -> 0 | H34: =SUMIFS('明細（オンバラ）'!$G:$G,'明細（オンバラ）'!J:J,K34) -> 0 | I34: =IFERROR(H34/$G$44*100,"") -> 0 | K34: 2001
A35: 21 | B35: 株式及び株式と同等の性質を有するもの | E35: 250/400 | F35: =IFERROR(H35/G35,"") -> 2.5 | G35: =SUMIFS('明細（オンバラ）'!$E:$E,'明細（オンバラ）'!J:J,K35) -> 7325 | H35: =SUMIFS('明細（オンバラ）'!$G:$G,'明細（オンバラ）'!J:J,K35) -> 18312.5 | I35: =IFERROR(H35/$G$44*100,"") -> 0.0015343547 | K35: 2101
A36: 22 | B36: 上記以外 | E36: - | F36: =IFERROR(H36/G36,"") -> 1.0007846 | G36: =SUMIFS('明細（オンバラ）'!$E:$E,'明細（オンバラ）'!J:J,K36)+SUM(G37:G40) -> 1139199090 | H36: =SUMIFS('明細（オンバラ）'!$G:$G,'明細（オンバラ）'!J:J,K36)+SUM(H37:H40) -> 1.1400929e+09 | I36: =IFERROR(H36/$G$44*100,"") -> 95.525294 | K36: 2201
B37: （うち有形固定資産（不動産）） | E37: 100 | F37: =IFERROR(H37/G37,"") -> 1 | G37: ='明細（オンバラ）'!E47 -> 1133757098 | H37: ='明細（オンバラ）'!G47 -> 1133757098 | K37: 2202
B38: （うち有形固定資産（不動産）（匿名組合出資持分の裏付資産）） | E38: - | F38: =IFERROR(H38/G38,"") -> 2.5 | G38: =SUMIFS('明細（オンバラ）'!$E:$E,'明細（オンバラ）'!J:J,K38) -> 595875 | H38: =SUMIFS('明細（オンバラ）'!$G:$G,'明細（オンバラ）'!J:J,K38) -> 1489687.5 | K38: 2203
B39: （うち無形固定資産（借地権）） | F39: =IFERROR(H39/G39,"") -> 1 | G39: =SUMIFS('明細（オンバラ）'!$E:$E,'明細（オンバラ）'!J:J,K39) -> 2872902 | H39: =SUMIFS('明細（オンバラ）'!$G:$G,'明細（オンバラ）'!J:J,K39) -> 2872902 | K39: 2204
B40: （うち上記以外のエクスポージャー） | E40: - | F40: =IFERROR(H40/G40,"") -> 1 | G40: =SUMIFS('明細（オンバラ）'!$E:$E,'明細（オンバラ）'!J:J,K40) -> 1973215 | H40: =SUMIFS('明細（オンバラ）'!$G:$G,'明細（オンバラ）'!J:J,K40) -> 1973215 | I40: =IFERROR(H40/$G$44*100,"") -> 0.16533034 | K40: 2205
A41: 23 | B41: 証券化 | E41: 0～1250 | F41: =IFERROR(H41/G41,"") | G41: =SUMIFS('明細（オンバラ）'!$E:$E,'明細（オンバラ）'!J:J,K41) -> 0 | H41: =SUMIFS('明細（オンバラ）'!$G:$G,'明細（オンバラ）'!J:J,K41) -> 0 | I41: =IFERROR(H41/$G$44*100,"") -> 0 | K41: 2301
A42: 24 | B42: 再証券化 | E42: 0～1250 | F42: =IFERROR(H42/G42,"") | G42: =SUMIFS('明細（オンバラ）'!$E:$E,'明細（オンバラ）'!J:J,K42) -> 0 | H42: =SUMIFS('明細（オンバラ）'!$G:$G,'明細（オンバラ）'!J:J,K42) -> 0 | I42: =IFERROR(H42/$G$44*100,"") -> 0 | K42: 2401
A43: 25 | B43: 複数の資産を裏付とする資産（所謂ファンド）のうち、個々の資産の把握が困難な資産 | E43: 0～1250 | F43: =IFERROR(H43/G43,"") | G43: =SUMIFS('明細（オンバラ）'!$E:$E,'明細（オンバラ）'!J:J,K43) -> 0 | H43: =SUMIFS('明細（オンバラ）'!$G:$G,'明細（オンバラ）'!J:J,K43) -> 0 | I43: =IFERROR(H43/$G$44*100,"") -> 0 | K43: 2501
F44: =IFERROR(H44/G44,"") -> 0.96751477 | G44: =SUM(G13:G43)-SUM(G24)-SUM(G27)-SUM(G37:G40) -> 1193498450 | H44: =SUM(H13:H43)-SUM(H24)-SUM(H27)-SUM(H37:H40) -> 1154727380
B46: 欄外
B47: 上記以外の無形固定資産等（自己資本調整項目） | G47: =SUMIFS('明細（オンバラ）'!$E:$E,'明細（オンバラ）'!J:J,K47) -> 0 | H47: - | K47: 2601
B48: デリバティブ債権（オフバランスに記載） | G48: 0 | H48: - | K48: 流動資産デリバティブ債権 | L48: 固定資産デリバティブ債権 | M48: 投資その他の資産デリバティブ債権
B50: 1. 貸借対照表上の資産合計 | G50: 872305593 | H50: - | K50: 資産合計
B51: 2. 不動産鑑定評価額 | G51: ='明細（オンバラ）'!E47 -> 1133757098 | H51: -
B52: 3. 不動産帳簿価額 | G52: 812564236 | H52: -
B53: 4. オンバランス明細合計（1+2-3-欄外） | G53: =G50+G51-G52-G47-G48 -> 1193498455
F55: （千円）
B56: a. ｵﾝﾊﾞﾗﾝｽ・ｵﾌﾊﾞﾗﾝｽ ﾘｽｸｱｾｯﾄ総額 | F56: ='RA表（オンバラ）'!H44+'RA表（オフバラ）'!H35 -> 1.1604657e+09
B57: b. 純資産額（帳簿価額） | F57: 449408100 | J57: 純資産合計
B58: c. 純資産額（時価）（b+2-3） | F58: =F57+G51-G52 -> 770600962
B59: リスク・ウェイト(a/c) | F59: =F56/F58 -> 1.505923
F60: （千円）
B61: 発行済投資口数 | F61: 4797731
B62: 1口当たり自己資本調整額 | F62: =ROUNDDOWN(G47/F61,0) -> 0
A64: 1 | B64: 本資料は、本投資法人の投資口を保有する金融機関において、適用のある自己資本比率を算出する上で参考にしていただくことを目的として、本投資法人の資産運用会社であるGLPジャパン・アドバイザーズ株式会社（以下「弊社」といいます。）が作成したものです。本資料に記載の情報の全部又は一部を会計、税務又は規制上の取扱等の目的に利用される場合は、専門家とご相談の上、投資主様ご自身の判断と責任においてお取扱い下さいますようお願い申し上げます。
A65: 2 | B65: 本資料に記載している情報は、過去の一定時点における本投資法人のポートフォリオの状況について得られた情報です。当該情報は、「銀行法第十四条の二の規定に基づき、銀行がその保有する資産等に照らし自己資本の充実の状況が適当であるかどうかを判断するための基準」（平成18年金融庁告示第19号。その後の変更を含み、以下「告示」といいます。）を含む関連法令等を参考にしていますが、必ずしも関連法令等の厳密な解釈に基づき算出した値ではありません。また、弊社独自の解釈及び判断により算出した値を含む場合がありますが、弊社がその算出方法等を推奨するものではありません。弊社は、適用されるリスク・ウェイトを含む本資料の正確性、完全性、合理性及び妥当性について、何ら表明又は保証を行うものではありません。本資料に記載された情報の不確実性又は不完全性及び本資料の使用により生じた結果について、弊社は一切の責任を負いません。
A66: 3 | B66: 「欄外」として記載している「上記以外の無形固定資産等（自己資本調整項目）」については、必要に応じ、投資主様の自己資本の調整項目としてご利用ください。
A67: 4 | B67: 借地権については、2027年4月から適用が予定されている新リース会計基準（企業会計基準第34号「リースに関する会計基準」及び企業会計基準適用指針第33号「リースに関する会計基準の適用指針」）並びに金融庁「自己資本比率規制に関するQ&A」（第77条-Q3）を前提として、項番22「上記以外」のうち「無形固定資産（借地権）」に分類したうえで、リスク・ウェイトを100%として計上しています。必要に応じ、欄外の「上記以外の無形固定資産等（自己資本調整項目）」に振り替えたうえでご利用ください。
A68: 5 | B68: 告示上、適用されるリスク・ウェイトについて経過措置が定められている場合であっても、本資料では、かかる経過措置が終了した後に適用されるリスク・ウェイトを記載しています。
A69: 6 | B69: 弊社では、告示第48条の2に規定される「デュー・ディリジェンス分析」は実施しておりません。
A70: 7 | B70: 本資料の内容については、本投資法人の他の開示資料等での開示内容（開示内容の前提となる条件等を含みます。）と異なる場合があります。本資料の様式、表示項目、各数値の算出根拠等は予告なく変更する場合があります。また、本資料の必要性が無くなったと弊社が判断した場合は作成及び公表を中止する場合があります。
A71: 8 | B71: 本資料は、作成基準日時点における、独立監査人による監査報告書受領済の2026年2月期の計算書類に基づき作成しています。
A72: 9 | B72: 「我が国の中央政府及び中央銀行向け」の項目には、投資法人が東京法務局に供託している営業保証金が含まれています。
A73: 10 | B73: 「金融機関及び第一種金融商品取引業者及び保険会社向け」の項目は、全て預入時から満期までの期間が3ヶ月以内の預金又は普通預金です。
A74: 11 | B74: 「時価金額」の項目は、2026年2月期の決算書に基づく簿価を掲載しています。なお、有形固定資産（不動産）については、期末時点の鑑定評価額合計から無形固定資産（借地権）の簿価を控除して算出しています。/期末時点の鑑定評価額合計に基づき記載しています。
A75: 12 | B75: 項番22に該当する個別の資産の内容は2026年2月期資産運用報告の「投資法人の運用資産の状況」をご参照ください。
A76: 13 | B76: 告示に定める、他の金融機関等の対象資本等調達手段に相当するエクスポージャーは保有しておりません。

Sheet RA表（オフバラ）
A1: 投資法人の資産構成内容（オフ・バランス）
B3: 投資法人名 | C3: ='RA表（オンバラ）'!C3 -> GLP投資法人
B4: 作成時点 | C4: ='RA表（オンバラ）'!C5 -> 46081
A9: ●標記投資法人の資産（オフ・バランス）構成内容は以下のとおりです。 | H9: （千円）
A10: 項目 | B10: 資産項目 | E10: 掛け目（%）
F11: 想定元本 | G11: 与信相当額 | H11: 信用リスクアセット | K11: 関数用
A12: 1 | B12: 任意の時期に無条件で取消可能又は相手方の信用状態が悪化した場合に自動的に取消可能なコミットメント | E12: 10 | F12: 0 | G12: 0 | H12: 0 | I12: =IFERROR(H12/$F$35*100,"") -> 0 | K12: 1000101
A13: 2 | B13: 短期かつ流動性の高い貿易関連偶発債務 | E13: 20 | F13: 0 | G13: 0 | H13: 0 | I13: =IFERROR(H13/$F$35*100,"") -> 0 | K13: 2000101
A14: 3 | B14: コミットメント（項目1に該当するものを除く） | E14: 40 | F14: 0 | G14: 0 | H14: 0 | I14: =IFERROR(H14/$F$35*100,"") -> 0 | K14: 3000101
A15: 4 | B15: 特定の取引に係る偶発債務（項目2に該当するものを除く） | E15: 50 | F15: 0 | G15: 0 | H15: 0 | I15: =IFERROR(H15/$F$35*100,"") -> 0 | K15: 4000101
A16: 5 | B16: ＮＩＦ又はＲＵＦ | E16: 50 | F16: 0 | G16: 0 | H16: 0 | I16: =IFERROR(H16/$F$35*100,"") -> 0 | K16: 5000101
A17: 6 | B17: 信用供与に直接代替する偶発債務 | E17: 100 | F17: 0 | G17: 0 | H17: 0 | I17: =IFERROR(H17/$F$35*100,"") -> 0 | K17: 6000101
A18: 7 | B18: 有価証券の貸付、現金若しくは有価証券による担保の提供又は有価証券の買戻条件付売却若しくは売戻条件付購入 | E18: 100 | F18: 0 | G18: 0 | H18: 0 | I18: =IFERROR(H18/$F$35*100,"") -> 0 | K18: 7000101
A19: 8 | B19: 上記のいずれにも該当しない信用供与に代替するオフ・バランス取引 | E19: 100 | F19: 0 | G19: 0 | H19: 0 | I19: =IFERROR(H19/$F$35*100,"") -> 0 | K19: 8000101
A20: 9 | B20: 買戻条件付資産売却又は求償権付資産売却等 | E20: 100 | F20: 0 | G20: 0 | H20: 0 | I20: =IFERROR(H20/$F$35*100,"") -> 0 | K20: 9000101
A21: 10 | B21: 先物資産購入、先渡預金、部分払込株式の購入又は部分払込債券の購入 | E21: 100 | F21: 0 | G21: 0 | H21: 0 | I21: =IFERROR(H21/$F$35*100,"") -> 0 | K21: 100001
A22: 11 | B22: 派生商品取引 | E22: - | F22: 0 | G22: 0 | H22: 0 | I22: =IFERROR(H22/$F$35*100,"") -> 0 | K22: 110001
A23: 11-1 | B23: 外国為替関連取引 | E23: - | F23: 0 | G23: 0 | H23: 0 | I23: =IFERROR(H23/$F$35*100,"") -> 0 | K23: 110002
A24: 11-2 | B24: 金利関連取引 | E24: - | F24: ='明細（オフバラ）'!E70 -> 306060000 | G24: ='明細（オフバラ）'!H70 -> 23330470 | H24: ='明細（オフバラ）'!G70 -> 5738303 | I24: =IFERROR(H24/$F$35*100,"") -> 1.8748948 | K24: 110003
A25: 11-3 | B25: 金関連取引 | E25: - | F25: 0 | G25: 0 | H25: 0 | I25: =IFERROR(H25/$F$35*100,"") -> 0 | K25: 110004
A26: 11-4 | B26: 株式関連取引 | E26: - | F26: 0 | G26: 0 | H26: 0 | I26: =IFERROR(H26/$F$35*100,"") -> 0 | K26: 110005
A27: 11-5 | B27: 貴金属(金を除く)関連取引 | E27: - | F27: 0 | G27: 0 | H27: 0 | I27: =IFERROR(H27/$F$35*100,"") -> 0 | K27: 110006
A28: 11-6 | B28: その他のコモディティ関連取引 | E28: - | F28: 0 | G28: 0 | H28: 0 | I28: =IFERROR(H28/$F$35*100,"") -> 0 | K28: 110007
A29: 11-7 | B29: クレジット・デリバティブ取引 （カウンター・パーティー・リスク） | E29: - | F29: 0 | G29: 0 | H29: 0 | I29: =IFERROR(H29/$F$35*100,"") -> 0 | K29: 110008
A30: 一括清算ﾈｯﾃｨﾝｸﾞ契約による与信相当額削減効果（△） | E30: - | F30: 0 | G30: 0 | H30: 0 | I30: =IFERROR(H30/$F$35*100,"") -> 0 | K30: 111111
A31: 12 | B31: 長期決済期間取引 | E31: - | F31: 0 | G31: 0 | H31: 0 | I31: =IFERROR(H31/$F$35*100,"") -> 0 | K31: 120001
A32: 13 | B32: 未決済取引 | E32: - | F32: 0 | G32: 0 | H32: 0 | I32: =IFERROR(H32/$F$35*100,"") -> 0 | K32: 130001
A33: 14 | B33: 証券化ｴｸｽﾎﾟｰｼﾞｬｰに係る 適格なｻｰﾋﾞｻｰ･ｷｬｯｼｭ･ｱﾄﾞﾊﾞﾝｽの信用供与枠のうち未実行部分 | E33: 10 | F33: 0 | G33: 0 | H33: 0 | I33: =IFERROR(H33/$F$35*100,"") -> 0 | K33: 140001
A34: 15 | B34: 上記以外のｵﾌ･ﾊﾞﾗﾝｽの証券化ｴｸｽﾎﾟｰｼﾞｬｰ | E34: 100 | F34: 0 | G34: 0 | H34: 0 | I34: =IFERROR(H34/$F$35*100,"") -> 0 | K34: 150001
F35: =SUM(F12:F34) -> 306060000 | G35: =SUM(G12:G34) -> 23330470 | H35: =SUM(H12:H34) -> 5738303
A38: 1 | B38: 本資料は、本投資法人の投資口を保有する金融機関において、適用のある自己資本比率を算出する上で参考にしていただくことを目的として、本投資法人の資産運用会社であるGLPジャパン・アドバイザーズ株式会社（以下「弊社」といいます。）が作成したものです。本資料に記載の情報の全部又は一部を会計、税務又は規制上の取扱等の目的に利用される場合は、専門家とご相談の上、投資主様ご自身の判断と責任においてお取扱い下さいますようお願い申し上げます。
A39: 2 | B39: 本資料に記載している情報は、過去の一定時点における本投資法人のポートフォリオの状況について得られた情報です。当該情報は、「銀行法第十四条の二の規定に基づき、銀行がその保有する資産等に照らし自己資本の充実の状況が適当であるかどうかを判断するための基準」（平成18年金融庁告示第19号。その後の変更を含み、以下「告示」といいます。）を含む関連法令等を参考にしていますが、必ずしも関連法令等の厳密な解釈に基づき算出した値ではありません。また、弊社独自の解釈及び判断により算出した値を含む場合がありますが、弊社がその算出方法等を推奨するものではありません。弊社は、適用されるリスク・ウェイトを含む本資料の正確性、完全性、合理性及び妥当性について、何ら表明又は保証を行うものではありません。本資料に記載された情報の不確実性又は不完全性及び本資料の使用により生じた結果について、弊社は一切の責任を負いません。
A40: 3 | B40: 告示上、適用されるリスク・ウェイトについて経過措置が定められている場合であっても、本資料では、かかる経過措置が終了した後に適用されるリスク・ウェイトを記載しています。
A41: 4 | B41: 弊社では、告示第48条の2に規定される「デュー・ディリジェンス分析」は実施しておりません。
A42: 5 | B42: 派生商品取引については、告示第79条の4に規定されるカレント・エクスポージャー方式（CEM)を用いて計算しています。
A43: 6 | B43: 本資料の内容については、本投資法人の他の開示資料等での開示内容（開示内容の前提となる条件等を含みます。）と異なる場合があります。本資料の様式、表示項目、各数値の算出根拠等は予告なく変更する場合があります。また、本資料の必要性が無くなったと弊社が判断した場合は作成及び公表を中止する場合があります。
A44: 7 | B44: 本資料は、作成基準日時点における、独立監査人による監査報告書受領済の2026年2月期の計算書類に基づき作成しています。

Sheet 明細（オンバラ）
A1: リスク・アセット オンバランス明細 | O1: 1 | P1: 1
B2: 貸借対照表及び不動産明細については、資産運用報告を参照 | O2: 1 | P2: 1
O3: 1 | P3: 1
P4: 1
P5: 1
A6: a. 財務諸表 | G6: （千円） | I6: 18 | O6: =IFERROR(IF(D6<>"",1,""),"") | P6: 1
B7: 科目 | C7: カウンターパーティ/資産名称 | D7: リスク資産項目 | E7: 帳簿価額 | F7: リスクウェイト | G7: リスクアセット額 | I7: 財務諸表# | J7: 科目＃ | O7: =IFERROR(IF(D7<>"",IF(D7<>$D$7,1,""),""),"") | P7: 1
B8: 現金及び預金 | C8: 短期（３ヶ月以内）円建て預金（BBB-格以上） | D8: 金融機関及び第一種金融商品取引業者及び保険会社向け | E8: 36663129 | F8: 0.2 | G8: =IFERROR(IF(I8<>"",E8*F8,""),"-") -> 7332625.8 | I8: 1 | J8: 1101 | O8: =IFERROR(IF(D8<>"",IF(D8<>$D$7,1,""),""),"") -> 1 | P8: 1
B9: 信託現金及び信託預金 | C9: 短期（３ヶ月以内）円建て預金（BBB-格以上） | D9: 金融機関及び第一種金融商品取引業者及び保険会社向け | E9: 12872466 | F9: 0.2 | G9: =IFERROR(IF(I9<>"",E9*F9,""),"-") -> 2574493.2 | I9: =IF(MAX($I$8:I8)+1>$I$6,"",I8+1) -> 2 | J9: 1101 | O9: =IFERROR(IF(D9<>"",IF(D9<>$D$7,1,""),""),"") -> 1 | P9: 1
B10: 営業未収入金 | C10: 法人等 | D10: 法人等向け（特定貸付債権向けを含む） | E10: 3386571 | F10: 1 | G10: =IFERROR(IF(I10<>"",E10*F10,""),"-") -> 3386571 | I10: =IF(MAX($I$8:I9)+1>$I$6,"",I9+1) -> 3 | J10: 1301 | O10: =IFERROR(IF(D10<>"",IF(D10<>$D$7,1,""),""),"") -> 1 | P10: 1
B11: 前払費用 | C11: 法人等 | D11: 法人等向け（特定貸付債権向けを含む） | E11: 1322145 | F11: 1 | G11: =IFERROR(IF(I11<>"",E11*F11,""),"-") -> 1322145 | I11: =IF(MAX($I$8:I10)+1>$I$6,"",I10+1) -> 4 | J11: 1301 | O11: =IFERROR(IF(D11<>"",IF(D11<>$D$7,1,""),""),"") -> 1 | P11: 1
B12: 未収消費税等 | C12: - | D12: 我が国の中央政府及び中央銀行向け | E12: 37394 | F12: 0 | G12: =IFERROR(IF(I12<>"",E12*F12,""),"-") -> 0 | I12: =IF(MAX($I$8:I11)+1>$I$6,"",I11+1) -> 5 | J12: 201 | O12: =IFERROR(IF(D12<>"",IF(D12<>$D$7,1,""),""),"") -> 1 | P12: 1
B13: 流動資産その他 | C13: 法人等 | D13: 上記以外（うち上記以外のエクスポージャー） | E13: 48290 | F13: 1 | G13: =IFERROR(IF(I13<>"",E13*F13,""),"-") -> 48290 | I13: =IF(MAX($I$8:I12)+1>$I$6,"",I12+1) -> 6 | J13: 2205 | O13: =IFERROR(IF(D13<>"",IF(D13<>$D$7,1,""),""),"") -> 1 | P13: 1
B14: 信託建物（純額） | C14: 不動産 | D14: 上記以外（うち有形固定資産（不動産）） | E14: 283038603 | F14: 1 | G14: =IFERROR(IF(I14<>"",E14*F14,""),"-") -> 283038603 | I14: =IF(MAX($I$8:I13)+1>$I$6,"",I13+1) -> 7 | J14: 2202 | O14: =IFERROR(IF(D14<>"",IF(D14<>$D$7,1,""),""),"") -> 1 | P14: 1
B15: 信託構築物（純額） | C15: 不動産 | D15: 上記以外（うち有形固定資産（不動産）） | E15: 3058824 | F15: 1 | G15: =IFERROR(IF(I15<>"",E15*F15,""),"-") -> 3058824 | I15: =IF(MAX($I$8:I14)+1>$I$6,"",I14+1) -> 8 | J15: 2202 | O15: =IFERROR(IF(D15<>"",IF(D15<>$D$7,1,""),""),"") -> 1 | P15: 1
B16: 信託機械及び装置（純額） | C16: 不動産 | D16: 上記以外（うち有形固定資産（不動産）） | E16: 13188 | F16: 1 | G16: =IFERROR(IF(I16<>"",E16*F16,""),"-") -> 13188 | I16: =IF(MAX($I$8:I15)+1>$I$6,"",I15+1) -> 9 | J16: 2202 | O16: =IFERROR(IF(D16<>"",IF(D16<>$D$7,1,""),""),"") -> 1 | P16: 1
B17: 信託工具、器具及び備品（純額） | C17: 不動産 | D17: 上記以外（うち有形固定資産（不動産）） | E17: 327672 | F17: 1 | G17: =IFERROR(IF(I17<>"",E17*F17,""),"-") -> 327672 | I17: =IF(MAX($I$8:I16)+1>$I$6,"",I16+1) -> 10 | J17: 2202 | O17: =IFERROR(IF(D17<>"",IF(D17<>$D$7,1,""),""),"") -> 1 | P17: 1
B18: 信託土地 | C18: 不動産 | D18: 上記以外（うち有形固定資産（不動産）） | E18: 526119083 | F18: 1 | G18: =IFERROR(IF(I18<>"",E18*F18,""),"-") -> 526119083 | I18: =IF(MAX($I$8:I17)+1>$I$6,"",I17+1) -> 11 | J18: 2202 | O18: =IFERROR(IF(D18<>"",IF(D18<>$D$7,1,""),""),"") -> 1 | P18: 1
B19: 信託建設仮勘定 | C19: 不動産 | D19: 上記以外（うち有形固定資産（不動産）） | E19: 6865 | F19: 1 | G19: =IFERROR(IF(I19<>"",E19*F19,""),"-") -> 6865 | I19: =IF(MAX($I$8:I18)+1>$I$6,"",I18+1) -> 12 | J19: 2202 | O19: =IFERROR(IF(D19<>"",IF(D19<>$D$7,1,""),""),"") -> 1 | P19: 1
B20: 信託借地権 | C20: - | D20: 上記以外（うち無形固定資産（借地権）） | E20: 2872902 | F20: 1 | G20: =IFERROR(IF(I20<>"",E20*F20,""),"-") -> 2872902 | I20: =IF(MAX($I$8:I19)+1>$I$6,"",I19+1) -> 13 | J20: 2204 | O20: =IFERROR(IF(D20<>"",IF(D20<>$D$7,1,""),""),"") -> 1 | P20: 1
... B25: 投資法人債発行費 | C25: - | D25: 上記以外（うち上記以外のエクスポージャー） | E25: 158971 | F25: 1 | G25: =IFERROR(IF(I25<>"",E25*F25,""),"-") -> 158971 | I25: =IF(MAX($I$8:I24)+1>$I$6,"",I24+1) -> 18 | J25: 2205 | O25: =IFERROR(IF(D25<>"",IF(D25<>$D$7,1,""),""),"") -> 1 | P25: 1
E26: =SUM(E8:E25) -> 872295257 | O26: =IFERROR(IF(D26<>"",IF(D26<>$D$7,1,""),""),"") | P26: 1
I27: TRUE | O27: =IFERROR(IF(D27<>"",IF(D27<>$D$7,1,""),""),"") | P27: 1
O28: =IFERROR(IF(D28<>"",IF(D28<>$D$7,1,""),""),"") | P28: 1
A29: b. 別途明細作成 | O29: =IFERROR(IF(D29<>"",IF(D29<>$D$7,1,""),""),"") | P29: 1
A30: 敷金及び保証金 | G30: （千円） | I30: 1 | O30: =IFERROR(IF(D30<>"",IF(D30<>$D$7,1,""),""),"") | P30: 1
B31: 科目 | C31: カウンターパーティ/資産名称 | D31: リスク資産項目 | E31: 帳簿価額 | F31: リスクウェイト | G31: リスクアセット額 | I31: # | J31: 科目＃ | O31: =IFERROR(IF(D31<>"",IF(D31<>$D$7,1,""),""),"") | P31: 1
B32: 敷金及び保証金 | C32: 宅建業の営業保証金 | D32: 我が国の中央政府及び中央銀行向け | E32: 10000 | F32: 0 | G32: =E32*F32 -> 0 | I32: 1 | J32: 201 | O32: =IFERROR(IF(D32<>"",IF(D32<>$D$7,1,""),""),"") -> 1 | P32: 1
B33: 敷金及び保証金 | C33: 差入保証金 | D33: 法人等向け（特定貸付債権向けを含む） | E33: 330 | F33: 1 | G33: =E33*F33 -> 330 | I33: =IF(C33<>"",I32+1,"") -> 2 | J33: 1301 | O33: =IFERROR(IF(D33<>"",IF(D33<>$D$7,1,""),""),"") -> 1 | P33: 1
I34: =IF(C34<>"",I33+1,"") | O34: =IFERROR(IF(D34<>"",IF(D34<>$D$7,1,""),""),"") | P34: 1
E35: =SUM(E32:E34) -> 10330 | O35: =IFERROR(IF(D35<>"",IF(D35<>$D$7,1,""),""),"") | P35: 1
I36: TRUE | O36: =IFERROR(IF(D36<>"",IF(D36<>$D$7,1,""),""),"") | P36: 1
O37: =IFERROR(IF(D37<>"",IF(D37<>$D$7,1,""),""),"") | P37: 1
O38: =IFERROR(IF(D38<>"",IF(D38<>$D$7,1,""),""),"") | P38: 1
B39: d. 総資産額合計 (a+b+c) | E39: =E26+E35 -> 872305587 | O39: =IFERROR(IF(D39<>"",IF(D39<>$D$7,1,""),""),"") | P39: 1
I40: #N/A | O40: =IFERROR(IF(D40<>"",IF(D40<>$D$7,1,""),""),"") | P40: 1
O41: =IFERROR(IF(D41<>"",IF(D41<>$D$7,1,""),""),"") | P41: 1
O42: =IFERROR(IF(D42<>"",IF(D42<>$D$7,1,""),""),"") | P42: 1
A43: e. 不動産（鑑定評価額）
B44: 科目 | D44: リスク資産項目 | E44: 算定価額 | F44: リスクウェイト | G44: リスクアセット額 | I44: # | J44: 科目＃ | O44: =IFERROR(IF(D44<>"",IF(D44<>$D$7,1,""),""),"") | P44: 1
B45: =$A$43 -> e. 不動産（鑑定評価額） | C45: 不動産 | D45: 上記以外（うち有形固定資産（不動産）） | E45: 1136630000 | F45: 1 | G45: =E45*F45 -> 1136630000 | I45: 1 | J45: 2202 | O45: =IFERROR(IF(D45<>"",IF(D45<>$D$7,1,""),""),"") -> 1 | P45: 1
B46: 鑑定評価額から控除 | C46: 借地権 | D46: 上記以外（うち無形固定資産（借地権）） | E46: =SUMIFS($E$8:$E$26,$D$8:$D$26,D46) -> 2872902 | I46: 100
E47: =SUM(E45:E45)-E46 -> 1133757098 | F47: 1 | G47: =E47*F47 -> 1133757098 | O47: =IFERROR(IF(D47<>"",IF(D47<>$D$7,1,""),""),"") | P47: 1
O48: =IFERROR(IF(D48<>"",IF(D48<>$D$7,1,""),""),"") | P48: 1
O50: =IFERROR(IF(D50<>"",IF(D50<>$D$7,1,""),""),"") | P50: 1
B51: f. オンバランス明細合計 (ｄ+不動産鑑定評価額-不動産帳簿価額)※無形固定資産控除 | E51: =E39+E47-SUMIFS($E$8:$E$26,$D$8:$D$26,$D$45) -> 1193498450 | O51: =IFERROR(IF(D51<>"",IF(D51<>$D$7,1,""),""),"") | P51: 1
I52: =ABS(E51-SUMIFS($E$8:$E$25,F8:F25,"欄外")-'RA表（オンバラ）'!G53)<100 -> TRUE | O52: =IFERROR(IF(D52<>"",IF(D52<>$D$7,1,""),""),"") | P52: 1
O53: =IFERROR(IF(D53<>"",IF(D53<>$D$7,1,""),""),"") | P53: 1
O54: =IFERROR(IF(D54<>"",IF(D54<>$D$7,1,""),""),"") | P54: 1

Sheet 明細（オフバラ）
A1: リスク・アセット オフバランス明細
L2: （千円）
A4: 金利スワップ取引
B5: 科目 | C5: カウンターパーティ/資産名称 | D5: リスク資産項目 | E5: 想定元本 | F5: リスク・ウェイト | G5: リスクアセット額 | H5: 個別銘柄与信相当額 | I5: 期末日 | J5: 取引終了日 | K5: アドオン掛け目 | L5: 再構築コスト
B6: 金利スワップ取引 | C6: AA格以上金融機関② | D6: 金利関連取引 | E6: 1000000 | F6: 0.2 | I6: 46081 | J6: 46203
B7: 金利スワップ取引 | C7: AA格以上金融機関② | D7: 金利関連取引 | E7: 2700000 | F7: 0.2 | I7: 46081 | J7: 46632
B8: 金利スワップ取引 | C8: AA格以上金融機関② | D8: 金利関連取引 | E8: 10700000 | F8: 0.2 | I8: 46081 | J8: 46377
B9: 金利スワップ取引 | C9: AA-格以上金融機関① | D9: 金利関連取引 | E9: 900000 | F9: 0.2 | I9: 46081 | J9: 46741
B10: 金利スワップ取引 | C10: A格以上金融機関① | D10: 金利関連取引 | E10: 1000000 | F10: 0.3 | I10: 46081 | J10: 47107
B11: 金利スワップ取引 | C11: A格以上金融機関① | D11: 金利関連取引 | E11: 6600000 | F11: 0.3 | I11: 46081 | J11: 46325
B12: 金利スワップ取引 | C12: A格以上金融機関① | D12: 金利関連取引 | E12: 3160000 | F12: 0.3 | I12: 46081 | J12: 46812
B13: 金利スワップ取引 | C13: A格以上金融機関① | D13: 金利関連取引 | E13: 8840000 | F13: 0.3 | I13: 46081 | J13: 46632
B14: 金利スワップ取引 | C14: AA-格以上金融機関① | D14: 金利関連取引 | E14: 6000000 | F14: 0.2 | I14: 46081 | J14: 47177
B15: 金利スワップ取引 | C15: AA格以上金融機関① | D15: 金利関連取引 | E15: 12040000 | F15: 0.2 | I15: 46081 | J15: 46965
B16: 金利スワップ取引 | C16: A格以上金融機関① | D16: 金利関連取引 | E16: 3250000 | F16: 0.3 | I16: 46081 | J16: 46416
B17: 金利スワップ取引 | C17: AA格以上金融機関① | D17: 金利関連取引 | E17: 12720000 | F17: 0.2 | I17: 46081 | J17: 46535
... B68: 金利スワップ取引 | C68: A+格以上金融機関① | D68: 金利関連取引 | E68: 1500000 | F68: 0.3 | I68: 46081 | J68: 48822
B69: ↑を挿入 | I69: =IF(E69="","",'RA表（オンバラ）'!C16) | K69: =IF(E69="","",VLOOKUP(#REF!,#REF!,2,1))
E70: =SUM(E6:E69) -> 306060000 | F70: =IFERROR(G70/H70,"") -> 0.24595745 | G70: 5738303 | H70: 23330470 | L70: 13495287
